 Dungeon Crawl Stone Soup version 0.22.1-1-ga44c0e5 (webtiles) character file.

51 Folque the Stinger (level 3, -3/20 HPs)
             Began as a Deep Elf Venom Mage on Oct 7, 2018.
             Slain by an iguana (7 damage)
             ... on level 2 of the Dungeon.
             The game lasted 00:04:54 (1395 turns).

Folque the Stinger (Deep Elf Venom Mage)            Turns: 1395, Time: 00:04:55

Health: -3/20      AC:  2    Str:  5    XL:     3   Next: 57%
Magic:  4/10       EV: 13    Int: 20    God:
Gold:   89         SH:  0    Dex: 17    Spells: 8/9 levels left

rFire    . . .     SeeInvis .   e - +0 hand axe
rCold    . . .     Gourm    .   (no shield)
rNeg     . . .     Faith    .   a - +0 robe
rPois    .         Spirit   .   (no helmet)
rElec    .         Reflect  .   (no cloak)
rCorr    .         Harm     .   (no gloves)
MR       .....                  (no boots)
Stlth    ++........             (no amulet)
HPRegen  0.06/turn              (no ring)
MPRegen  0.12/turn              (no ring)

@: very slightly contaminated, hasted, very quick
A: agile 1, mutation resistance 1, MP-powered wands
a: no special abilities


You were on level 2 of the Dungeon.
You were not hungry.

You visited 1 branch of the dungeon, and saw 2 of its levels.

You collected 89 gold pieces.

Inventory:

Hand Weapons
 e - a +0 hand axe (weapon)
Missiles
 j - 13 poisoned needles
Armour
 a - a +0 robe (worn)
 d - a +1 hat
Jewellery
 b - a cursed amulet of inaccuracy {unknown}
Potions
 f - a potion of curing {unknown}
 i - a potion of mutation
 k - a potion of resistance {unknown}
Comestibles
 c - 4 rations
 g - 6 chunks of flesh


   Skills:
 + Level 1.1 Fighting
 - Level 2.4 Dodging
 - Level 2.4 Stealth
 + Level 3.7 Spellcasting
 - Level 1.1 Conjurations
 * Level 4.3 Poison Magic


You had 8 spell levels left.
You knew the following spells:

 Your Spells              Type           Power        Failure   Level  Hunger
a - Sting                 Conj/Pois      ##..         4%          1    None

Your spell library contained the following spells:

 Spells                   Type           Power        Failure   Level  Hunger
 Poisonous Vapours        Pois/Air       ##....       9%          2    ##.....
 Mephitic Cloud           Conj/Pois/Air  ##......     19%         3    ###....
 Olgreb's Toxic Radiance  Pois           ###.....     22%         4    ####...
 Venom Bolt               Conj/Pois      ##........   77%         5    ######.


Dungeon Overview and Level Annotations

Branches:
Dungeon (2/15)

Altars:
Nemelex Xobeh


Innate Abilities, Weirdness & Mutations

You are agile. (Dex +2)
You are somewhat resistant to further mutation.
You expend magic power (3 MP) to strengthen your wands.


Message History

You miscast Sting.
You are very lightly contaminated with residual magic.
Your vision is briefly tinged with green.
The iguana bites you.
Casting: Sting (safe; 4% risk of failure)
Confirm with . or Enter, or press ? or * to list all spells.
Aiming: Sting (safe; 4% risk of failure)
Press: ? - help, Shift-Dir - straight line, f/p - iguana
Aim: an iguana The sting hits the iguana.
The iguana is poisoned.
The iguana is lightly wounded.
The iguana bites you.
You aren't carrying any scrolls.
It was a potion of mutation.
You feel extremely strange.
You feel your magical essence link to your wands.
You feel agile.
You feel genetically stable.
The iguana looks more healthy.
The iguana bites you.
* * * LOW HITPOINT WARNING * * *
It was a potion of haste.
You feel yourself speed up. The iguana bites you!
You die...

####### ..#...##
.......##
........#######
..............######
....÷.÷.#####...@l.##
.......##
######..#########
###...## ##......##.#
#######
######.##.##### ##
#.......... ##
#..#...#.... ##
.......#.÷# ... ##
######.#..# .. ##
#.##.# .


You could see an iguana.

Vanquished Creatures
  2 oozes
  3 dart slugs
  A leopard gecko (D:2)
  9 bats
  A giant cockroach (D:2)
  4 goblins
  4 jackals (D:2)
  A quokka (D:2)
  A frilled lizard (D:2)
  4 kobolds
  6 rats
36 creatures vanquished.

Notes
Turn   | Place    | Note
-------+----------+-------------------------------------------
     0 | D:1      | Folque the Deep Elf Venom Mage began the quest for the Orb.
     0 | D:1      | Reached XP level 1. HP: 10/10 MP: 6/6
   405 | D:1      | Reached XP level 2. HP: 8/16 MP: 0/8
  1051 | D:2      | Reached skill level 4 in Poison Magic
  1115 | D:2      | Reached XP level 3. HP: 20/20 MP: 5/10
  1150 | D:2      | Reached skill level 1 in Fighting
  1292 | D:2      | Found a sparkling altar of Nemelex Xobeh.
  1394 | D:2      | Gained mutation: You expend magic power (3 MP) to
                  | strengthen your wands. [potion of mutation]
  1394 | D:2      | Gained mutation: You are agile. (Dex +2) [potion of
                  | mutation]
  1394 | D:2      | Gained mutation: You are somewhat resistant to further
                  | mutation. [potion of mutation]
  1395 | D:2      | Slain by an iguana

Skill      XL: |  1  2  3 |
---------------+----------+-----
Poison Magic   | 4 |  4.3
Fighting       | 1 |  1.1
Dodging        | |  2.4
Stealth        | |  2.4
Spellcasting   | |  3.7
Conjurations   | |  1.1

Action                   || total
-------------------------++-------
Melee: Unarmed           ||     6
       Hand axe          ||    33
 Cast: Sting             ||    69
  Use: Potion            ||     2
 Stab: Sleeping          ||     3
  Eat: Chunk             ||     1
Armor: Robe              ||    19
Dodge: Dodged            ||    44
